 Dungeon Crawl Stone Soup version 0.23.2-33-g5129a83184 (webtiles) character file.

Game seed: 696030816130145799

75 DorianNounverber the Digger (level 4, -1/24 HPs)
             Began as a Gargoyle Earth Elementalist on July 13, 2019.
             Slain by a goblin (4 damage)
             ... led by Robin
             ... on level 2 of the Dungeon.
             The game lasted 00:04:35 (2188 turns).

DorianNounverber the Digger (GrEE)                  Turns: 2188, Time: 00:04:36

Health: -1/24      AC:  5    Str: 11    XL:     4   Next: 31%
Magic:  8/8        EV: 12    Int: 17    God:
Gold:   40         SH:  0    Dex: 10    Spells: 5/9 levels left

rFire    . . .     SeeInvis .   g - +0 club
rCold    . . .     Gourm    .   (no shield)
rNeg     + . .     Faith    .   c - +0 robe
rPois    ∞         Spirit   .   (no helmet)
rElec    +         Reflect  .   (no cloak)
rCorr    .         Harm     .   (no gloves)
MR       .....                  (no boots)
Stlth    ++........             (no amulet)
HPRegen  0.08/turn              (no ring)
MPRegen  0.11/turn              (no ring)

@: no status effects
A: negative energy resistance 1, electricity resistance, unbreathing,
petrification resistance, rot immunity, AC +3
a: no special abilities


You were on level 2 of the Dungeon.
You were hungry.

You visited 1 branch of the dungeon, and saw 2 of its levels.

You collected 40 gold pieces.

Inventory:

Hand Weapons
 a - a +0 hand axe
 g - a +0 club (weapon)
Missiles
 b - 53 stones (quivered)
 i - a throwing net
Armour
 c - a +0 robe (worn)
Scrolls
 f - a scroll of teleportation {unknown}
 j - a scroll of remove curse {unknown}
 k - a scroll of blinking {unknown}
 l - a scroll of noise {unknown}
 o - a scroll of identify {unknown}
Potions
 e - a potion of curing {unknown}
 h - a potion of mutation {unknown}
 m - a potion of flight {unknown}
 n - a potion of haste {unknown}
Comestibles
 d - 4 rations


   Skills:
 + Level 2.1 Dodging
 - Level 2.1 Stealth
 * Level 3.0 Spellcasting
   Level 0.7 Transmutations
 * Level 4.7 Earth Magic


You had 5 spell levels left.
You knew the following spells:

 Your Spells              Type           Power        Failure   Level  Hunger
a - Sandblast             Erth           ###...       2%          1    None
b - Stone Arrow           Conj/Erth      ##....       21%         3    ###....

Your spell library contained the following spells:

 Spells                   Type           Power        Failure   Level  Hunger
 Passwall                 Tmut/Erth      ##......     9%          2    ##.....
 Petrify                  Tmut/Erth      ##......     50%         4    ####...
 Lee's Rapid Deconstruct  Erth           ###.......   56%         5    ######.


Dungeon Overview and Level Annotations

Branches:
Dungeon (2/15)

Altars:
Dithmenos

Annotations:
D:2 Robin


Innate Abilities, Weirdness & Mutations

You are resistant to torment.
Your stone body is resilient. (AC +3)
You are immune to poison.
You resist negative energy. (rN+)
You are resistant to electric shocks. (rElec)
You can survive without breathing.
You are immune to petrification.
You are immune to rotting.


Message History

The hobgoblin hits you. The goblin hits you with a +0 dagger.
Robin says, "A pitiful Gargoyle like you will never find the ORB!"
Robin throws the goblin at you! The goblin closely misses you.
The goblin misses you.
You closely miss the goblin. The goblin barely misses you.
Robin says, "Duck!"
The hobgoblin misses you. The goblin barely misses you.
The goblin closely misses you.
Robin roars a battlecry!
The goblins go into a battle-frenzy!
The hobgoblin hits you. The goblin hits you but does no damage.
The goblin hits you with a +0 club.
* * * LOW HITPOINT WARNING * * *
Robin throws the goblin at you! The goblin hits you.
* * * LOW HITPOINT WARNING * * *
The goblin hits you but does no damage. Robin throws the goblin at you!
The goblin hits you.
You die...

#)#########.#.#####
#.........#.#.....#
#####.#.........#.###.#
#.....#.#####.#.#.###.#
#.#####.###.#.#.#...#.###########
#.# #.).)...#.#.....#...........#
#.# #.#.#...#.#.....###########.#
#.###.#.#..<#.#.....# ###.#
#.......#####.#.@g..# #....
#####.........#.g..## #.#.#
#..........g#g...##########.#.#
.##.......)ggg#gg..'.......##.#.#
.''...........#....#####...##.#.#
.##.........g.gg...'.......##.#..
.##.....#....g.g...####....##.###
.......###............#....+.....
...##..###..##.######.#....##.# #


You could see 3 hobgoblins and 5 goblins.

Vanquished Creatures
  4 adders (D:2)
  A worm (D:2)
  2 dart slugs (D:1)
  3 leopard geckos (D:1)
  2 giant cockroaches (D:1)
  6 goblins
  3 hobgoblins (D:1)
  3 kobolds
  A quokka (D:2)
  A ball python (D:1)
  A bat (D:1)
  3 rats (D:2)
30 creatures vanquished.

Notes
Turn   | Place    | Note
-------+----------+-------------------------------------------
     0 | D:1      | DorianNounverber the Gargoyle Earth Elementalist began the
                  | quest for the Orb.
     0 | D:1      | Reached XP level 1. HP: 10/10 MP: 3/3
   267 | D:1      | Reached XP level 2. HP: 9/15 MP: 5/5
   397 | D:1      | Reached skill level 4 in Earth Magic
  1275 | D:1      | Reached XP level 3. HP: 15/19 MP: 6/6
  1280 | D:1      | Learned a level 3 spell: Stone Arrow
  1492 | D:2      | Found a shadowy altar of Dithmenos.
  1501 | D:2      | Noticed Robin
  1906 | D:2      | Reached XP level 4. HP: 21/24 MP: 5/8
  2188 | D:2      | Slain by a goblin

Skill      XL: |  1  2  3  4 |
---------------+-------------+-----
Earth Magic    | 4 |  4.7
Dodging        | 2 |  2.1
Spellcasting   | 3 |  3.0
Stealth        | |  2.1
Transmutations | |  0.7

Action                   |  1- 3 |  4- 6 || total
-------------------------+-------+-------++-------
Melee: Club              |   100 |    10 ||   110
 Cast: Sandblast         |    18 |     7 ||    25
       Stone Arrow       |     1 |       ||     1
 Stab: Sleeping          |     2 |       ||     2
  Eat: Chunk             |     4 |       ||     4
Armor: Robe              |    30 |     6 ||    36
Dodge: Dodged            |    96 |    13 ||   109
